 Dungeon Crawl Stone Soup version 0.26-b1-32-g5d43845318 (webtiles) character file.

Game seed: 3464436830319728743

66483 Borgoz the Tortoise (level 15, -7/96 HPs)
             Began as a Gargoyle Berserker on Jan 11, 2021.
             Was a High Priest of Trog.
             Splashed by an oklob plant's acid (16 damage)
             ... on level 3 of the Lair of Beasts.
             The game lasted 00:36:48 (17117 turns).

Borgoz the Tortoise (Gargoyle Berserker)           Turns: 17117, Time: 00:36:49

Health: -7/96      AC: 15    Str: 23    XL:     15   Next: 19%
Magic:  15/15      EV: 19    Int: 10    God:    Trog [*****.]
Gold:   1604       SH:  0    Dex: 17    Spells: 14/14 levels left

rFire    . . .     SeeInvis .   a - +2 eveningstar (vorpal)
rCold    + + .     Faith    .   (no shield)
rNeg     + + .     Spirit   .   O - +4 troll leather armour
rPois    ∞         Reflect  .   E - +1 helmet {Int+3}
rElec    +         Harm     .   (no cloak)
rCorr    .         Rampage  .   H - +2 pair of gloves
Will     +....                  I - +1 pair of boots
Stlth    +.........             u - amulet of regeneration
HPRegen  1.06/turn              i - ring of protection from cold
MPRegen  0.14/turn              y - ring of Ralupew {rElec rC+ rN+ Dex+3}

@: corroded, flying
A: big wings, negative energy resistance 1, electricity resistance, unbreathing,
petrification resistance, miasma immunity, AC +11
a: Stop Flying, Renounce Religion, Berserk, Trog's Hand, Brothers in Arms


You were on level 3 of the Lair of Beasts.
You worshipped Trog.
Trog was extremely pleased with you.
You visited 3 branches of the dungeon, and saw 19 of its levels.
You also visited: Ossuary, Gauntlet and Ice Cave.

You collected 1604 gold pieces.

Inventory:

Hand Weapons
 a - a +2 vorpal eveningstar (weapon)
Armour
 k - a +2 scale mail of cold resistance
 E - a +1 helmet of intelligence (worn)
 H - a +2 pair of gloves (worn)
 I - a +1 pair of boots (worn)
 O - a +4 troll leather armour (worn)
Jewellery
 b - a +4 ring of protection
 i - a ring of protection from cold (left hand)
 o - an uncursed ring of see invisible
 u - an amulet of regeneration (around neck)
 y - the ring of Ralupew (right hand) {rElec rC+ rN+ Dex+3}
   (You took it off a minotaur in a Gauntlet)

   [ring of positive energy]

   It affects your dexterity (+3).
   It protects you from cold.
   It insulates you from electricity.
   It protects you from negative energy.
 B - an uncursed ring of protection from fire
 R - an uncursed amulet of guardian spirit
Wands
 n - a wand of disintegration (7)
 r - a wand of paralysis (23)
 t - a wand of digging (7)
 G - a wand of iceblast (15)
 M - a wand of flame (47)
Scrolls
 c - 2 scrolls of blinking
 d - 4 scrolls of enchant weapon
 e - 3 scrolls of remove curse
 g - 18 scrolls of teleportation
 j - 2 scrolls of enchant armour
 m - 6 scrolls of fear
 p - 4 scrolls of magic mapping
 v - 3 scrolls of fog {unknown}
 D - a scroll of immolation {unknown}
 J - 2 scrolls of acquirement {unknown}
Potions
 f - a potion of ambrosia
 l - 4 potions of heal wounds
 q - 7 potions of curing
 x - 3 potions of haste
 z - 3 potions of resistance
 A - a potion of might
 K - a potion of berserk rage
 N - 2 potions of invisibility
 U - a potion of cancellation


   Skills:
 + Level 12.2 Fighting
 * Level 15.1 Maces & Flails
 * Level 16.1 Armour
 + Level 9.4 Dodging


You had 14 spell levels left.
You didn't know any spells.
Your spell library was empty.

Dungeon Overview and Level Annotations

Branches:
Dungeon (15/15)            Temple (1/1) D:7            Lair (3/6) D:10
 Spider (0/4) Lair:2          Orc (0/2) D:12         Vaults (0/5) D:14
 Depths (0/5) D:15        Ossuary (visited)           IceCv (visited)
Gauntlet (visited)
  Swamp: Lair:2-4    Shoals: Lair:2-4

Altars:
Ashenzari
Cheibriados
Dithmenos
Elyvilon
Fedhas
Gozag
Hepliaklqana
Kikubaaqudgha
Makhleb
Nemelex Xobeh
Okawaru
Qazlal
Ru
Sif Muna
Trog
Uskayaw
Vehumet
Wu Jian
Xom
Yredelemnul
Zin
The Shining One

Shops:
D:12 :

Annotations:
Lair:3 exclusion: 2 oklob plants


Innate Abilities, Weirdness & Mutations

You are resistant to torment.
Your stone body is resilient. (AC +11)
You are immune to poison.
Your large and strong wings let you fly indefinitely.
You resist negative energy. (rN+)
You are resistant to electric shocks. (rElec)
You can survive without breathing.
You are immune to petrification.
You are immune to miasma.


Message History

The acid corrodes you!
You are splashed with acid!
You can move again.
The oklob plant spits acid at you.
The splash of acid hits you but does no damage.
You are splashed with acid!
You bludgeon the floating eye!!
You kill the floating eye!
Trog accepts your kill. The oklob plant spits acid at you.
The splash of acid hits you! The acid corrodes you!
You are splashed with acid!
Found a long sword and 14 gold pieces.
The oklob plant spits acid at you. The splash of acid hits you.
The acid corrodes you!
You are splashed with acid!
* * * LOW HITPOINT WARNING * * *
A wyvern comes into view.
The oklob plant spits acid at you. The splash of acid hits you!
* * * LOW HITPOINT WARNING * * *
The acid corrodes you!
You are splashed with acid!
You die...

####.#..[.##.
###........P#..
##.........)....
###...............
##P...}.(..........
##..?...............
.#.##...........P.......
................[.P.....
.......@.....P...>......
.............P?.[.P.....
#...#P.......PPP..PP....
.#..l.........PP.P......
...##.........PPP......
#...#...................
#.....................
## ..........)..$.


You could see an oklob plant and a wyvern (wandering).

Vanquished Creatures
  Agnes (D:14)
  A frost giant (IceCv)
  The ghost of Yorgos the Blocker, a journeyman FoFi of Cheibriados (D:12)
  A minotaur (Gauntlet)
  A blizzard demon (Gauntlet)
  Erolcha (D:12)
  4 hydras
  7 vault guards (D:14)
  6 centaur warriors
  3 two-headed ogres
  A tengu warrior (D:15)
  2 death yaks (IceCv)
  2 skeletal warriors (D:15)
  2 unseen horrors
  A wizard (D:14)
  A phantasmal warrior (D:15)
  A harpy (shapeshifter) (D:15)
  A necromancer (D:15)
  A wolf spider zombie (D:15)
  9 ugly things
  A deep elf mage (D:15)
  A manticore (D:14)
  A frost giant zombie (D:15)
  3 cyclopes
  An elephant (Lair:3)
  A black mamba (Lair:2)
  An ice statue (IceCv)
  4 gargoyles
  The ghost of Raspi the Cutter, a novice DsFi (D:4)
  A yaktaur zombie (D:15)
  5 cane toads
  An efreet (D:14)
  6 komodo dragons
  An ice devil (Gauntlet)
  A freezing wraith (D:15)
  A yaktaur (D:15)
  3 tengu conjurers
  16 polar bears
  3 trolls
  A queen bee (Gauntlet)
  A hornet (D:8)
  A spriggan zombie (D:15)
  An ettin zombie (D:15)
  4 blink frogs (Lair:1)
  2 dream sheep (D:9)
  A meliai zombie (D:14)
  2 shadows
  2 redbacks (Lair:2)
  7 spriggans (Lair:1)
  35 yaks
  2 wyverns
  2 wraiths
  2 vampires
  6 basilisks
  A human (shapeshifter) (D:15)
  2 vampire mosquitoes (D:13)
  A soldier ant (D:12)
  Edmund (D:4)
  A warg (shapeshifter) (D:15)
  7 water moccasins
  A floating eye (shapeshifter) (D:14)
  A floating eye (Lair:3)
  9 orc warriors
  2 black bears (D:7)
  2 phantoms
  3 sky beasts
  A hornet zombie (D:9)
  8 ice beasts
  2 necrophages
  3 eyes of draining
  20 wolves (IceCv)
  6 ogres
  13 centaurs
  4 big kobolds
  15 bullfrogs
  A gnoll sergeant (D:8)
  5 water moccasin zombies (Ossuary)
  4 scorpions
  A wyvern skeleton (D:11)
  12 killer bees
  6 wights (D:8)
  4 howler monkeys
  A quasit (D:10)
  3 bullfrog zombies
  4 hounds
  9 orc priests
  3 centaur skeletons
  4 centaur zombies
  4 jellies
  12 orc wizards
  2 bullfrog skeletons
  3 iguanas
  7 worker ants
  7 hell rats (Lair:1)
  A killer bee zombie (D:10)
  2 big kobold zombies (Ossuary)
  2 bullfrog simulacra (D:4)
  A hound zombie (D:11)
  2 hound skeletons (D:7)
  2 mummies (Ossuary)
  A howler monkey zombie (D:7)
  3 worker ant zombies
  16 adders
  13 gnolls
  2 shadow imps
  8 white imps
  2 ufetubi
  5 adder skeletons (D:2)
  7 adder zombies
  2 worms
  2 adder simulacra (D:4)
  8 leopard geckos
  54 orcs
  3 bats (D:1)
  2 bat skeletons (D:2)
  4 giant cockroaches
  4 gnoll zombies (Ossuary)
  5 goblins
  6 hobgoblins
  10 jackals
  18 kobolds
  3 quokkas
  3 ball pythons
  A ball python skeleton (D:2)
  A ball python zombie (D:2)
  5 frilled lizards
  A giant cockroach simulacrum (D:4)
  A giant cockroach zombie (D:2)
  5 hobgoblin zombies (Ossuary)
  A jackal skeleton (D:4)
  A jackal zombie (D:5)
  7 kobold zombies (Ossuary)
  2 leopard gecko skeletons
  2 leopard gecko zombies
  4 orc zombies (Ossuary)
  A quokka zombie (D:6)
  5 rats
591 creatures vanquished.

Vanquished Creatures (others)
  A white imp (Gauntlet)
  9 fungi
  44 plants
54 creatures vanquished.

Grand Total: 645 creatures vanquished

Notes
Turn   | Place    | Note
-------+----------+-------------------------------------------
     0 | D:1      | Borgoz the Gargoyle Berserker began the quest for the Orb.
     0 | D:1      | Reached XP level 1. HP: 14/14 MP: 1/1
   276 | D:1      | Reached XP level 2. HP: 19/19 MP: 2/2
  1001 | D:2      | Reached XP level 3. HP: 23/23 MP: 3/3
  1219 | D:2      | Reached skill level 3 in Armour
  1219 | D:2      | Reached ** piety under Trog
  1294 | D:2      | Found an opulent altar of Gozag.
  1393 | D:2      | Reached XP level 4. HP: 26/29 MP: 4/4
  1818 | D:2      | Reached XP level 5. HP: 13/33 MP: 5/5
  2442 | D:3      | Reached skill level 4 in Armour
  2788 | D:4      | Noticed Edmund
  2801 | D:4      | Killed Edmund
  2801 | D:4      | Reached *** piety under Trog
  2802 | D:4      | Reached XP level 6. HP: 38/38 MP: 6/6
  2912 | D:4      | Found a shadowy altar of Dithmenos.
  2955 | D:4      | Found a runed translucent gate.
  2955 | D:4      | Found a runed translucent gate.
  2955 | D:4      | Found a runed translucent gate.
  3262 | D:4      | Noticed an ice beast
  3262 | D:4      | Noticed Raspi's ghost (novice DsFi)
  3713 | D:4      | Killed Raspi's ghost
  3714 | D:4      | Reached skill level 5 in Maces & Flails
  3714 | D:4      | Reached skill level 5 in Armour
  3714 | D:4      | Reached XP level 7. HP: 44/44 MP: 7/7
  3721 | D:4      | Reached skill level 5 in Fighting
  3793 | D:5      | Entered Level 5 of the Dungeon
  3806 | D:5      | Reached skill level 6 in Armour
  3806 | D:5      | Reached XP level 8. HP: 49/49 MP: 8/8
  3957 | D:5      | Reached **** piety under Trog
  4189 | D:5      | Reached skill level 7 in Armour
  4224 | D:5      | Found a bloodstained altar of Trog.
  4241 | D:5      | Reached XP level 9. HP: 55/55 MP: 0/9
  4733 | D:6      | Reached skill level 8 in Armour
  5164 | D:7      | Found a staircase to the Ecumenical Temple.
  5352 | D:7      | Reached ***** piety under Trog
  5403 | D:7      | Found a sand-covered staircase.
  5411 | Ossuary  | Entered an ossuary
  5446 | Ossuary  | Reached skill level 9 in Armour
  5518 | Ossuary  | Reached XP level 10. HP: 63/63 MP: 10/10
  5713 | D:7      | Reached skill level 5 in Dodging
  5713 | D:7      | Found a broken altar of Ashenzari.
  6877 | D:9      | Received a gift from Trog
  7044 | D:9      | Reached skill level 10 in Armour
  7424 | D:9      | Noticed a three-headed hydra
  7430 | D:9      | Killed a three-headed hydra
  7431 | D:9      | Reached skill level 10 in Maces & Flails
  7431 | D:9      | Reached XP level 11. HP: 59/68 MP: 11/11
  7630 | D:10     | Entered Level 10 of the Dungeon
  7630 | D:10     | Noticed a two-headed ogre
  7637 | D:10     | Killed a two-headed ogre
  7651 | D:10     | Reached skill level 11 in Armour
  7786 | D:10     | Found a staircase to the Lair.
  8423 | D:11     | Noticed a cyan ugly thing
  8443 | D:11     | Killed a cyan ugly thing
  8443 | D:11     | Received a gift from Trog
  8654 | D:11     | Noticed a red ugly thing
  8680 | D:11     | Killed a red ugly thing
  9003 | D:11     | Killed an unseen horror
  9015 | D:11     | Reached skill level 12 in Armour
  9258 | D:12     | Reached XP level 12. HP: 76/76 MP: 12/12
  9489 | D:12     | Found Salylups's Book Boutique.
  9691 | D:12     | Found a runed translucent door.
  9699 | D:12     | Noticed Yorgos's ghost (journeyman FoFi)
  9716 | D:12     | Noticed Erolcha
  9731 | D:12     | Killed Erolcha
 10044 | D:12     | Found a staircase to the Orcish Mines.
 10461 | D:12     | Killed Yorgos's ghost
 10986 | D:13     | Noticed a six-headed hydra
 10993 | D:13     | Killed a six-headed hydra
 10994 | D:13     | Reached skill level 13 in Armour
 11500 | D:14     | Reached skill level 10 in Fighting
 11505 | D:14     | Noticed a two-headed ogre
 11522 | D:14     | Killed a two-headed ogre
 11523 | D:14     | Noticed a vault guard
 11546 | D:14     | Killed a vault guard
 11547 | D:14     | Reached XP level 13. HP: 38/82 MP: 6/13
 11564 | D:14     | Noticed a vault guard
 11647 | D:14     | Killed a vault guard
 11651 | D:14     | Noticed a vault guard
 11681 | D:14     | Noticed a vault guard
 11682 | D:14     | Noticed a vault guard
 11687 | D:14     | Noticed a vault guard
 11696 | D:14     | Killed a vault guard
 11700 | D:14     | Killed a vault guard
 11706 | D:14     | Killed a vault guard
 11720 | D:14     | Killed a vault guard
 11720 | D:14     | Reached ****** piety under Trog
 11842 | D:14     | Noticed a vault guard
 11853 | D:14     | Killed a vault guard
 11911 | D:14     | Found a gate to the Vaults.
 12000 | D:14     | Noticed Agnes
 12007 | D:14     | Killed Agnes
 12008 | D:14     | Reached skill level 14 in Armour
 12075 | D:14     | Received a gift from Trog
 12596 | D:15     | Entered Level 15 of the Dungeon
 12818 | D:15     | Gained mutation: Your large and strong wings let you fly
                  | indefinitely. [Gargoyle growth]
 12818 | D:15     | Reached XP level 14. HP: 90/90 MP: 14/14
 13029 | D:15     | Found a staircase to the Depths.
 13172 | D:15     | Reached skill level 15 in Armour
 13931 | Temple   | Entered the Ecumenical Temple
 14157 | Lair:1   | Entered Level 1 of the Lair of Beasts
 14761 | Lair:1   | Received a gift from Trog
 15043 | Lair:2   | Found a gate leading to a gauntlet.
 15052 | Gauntlet | Entered a Gauntlet
 15052 | Gauntlet | Found a transporter.
 15052 | Gauntlet | Found a transporter.
 15053 | Gauntlet | Found a transporter.
 15056 | Gauntlet | Found a transporter.
 15056 | Gauntlet | Found a transporter.
 15056 | Gauntlet | Found a transporter.
 15070 | Gauntlet | Found a transporter.
 15072 | Gauntlet | Found a transporter.
 15078 | Gauntlet | Noticed a dire elephant
 15085 | Gauntlet | Found a transporter.
 15088 | Gauntlet | Found a transporter.
 15104 | Gauntlet | Found a transporter.
 15108 | Gauntlet | Found a transporter.
 15337 | Gauntlet | Got a faintly glowing hat
 15348 | Gauntlet | Identified the cursed -1 hat "Konubiw" {Will- Str+2 Int+4
                  | Dex+3} (You found it in a Gauntlet)
 15441 | Gauntlet | Identified the ring of Ralupew {rElec rC+ rN+ Dex+3}
 15561 | Lair:2   | Got a heavily jewelled robe
 15578 | Lair:2   | Identified the cursed +0 robe "Fipli" {rF- Will+ Dex+4
                  | Stlth+} (You found it on level 2 of the Lair of Beasts)
 16058 | Lair:2   | Found a hole to the Spider Nest.
 16310 | Lair:3   | Found a frozen archway.
 16402 | IceCv    | Entered an ice cave
 16734 | IceCv    | Reached XP level 15. HP: 96/96 MP: 15/15
 16835 | IceCv    | Reached skill level 16 in Armour
 16867 | IceCv    | Reached skill level 15 in Maces & Flails
 16903 | IceCv    | Noticed a frost giant
 16916 | IceCv    | Killed a frost giant
 16939 | IceCv    | Found the amulet of the Air {Inacc +Fly rElec EV+5 RMsl}
 17106 | Lair:3   | Paralysed by a floating eye for 4 turns
 17117 | Lair:3   | Splashed by an oklob plant's acid

Illustrated notes

Levels and vault maps discovered:
D:1:      minmay_arrival_nine_rooms, layout_loops_cross
D:2:      minmay_inner_zag, layout_loops_ring, serial_undead, serial_undead_a,
          serial_undead_d, serial_undead_c, serial_undead_e, serial_undead_d,
          serial_undead_a, nicolae_gozag_seed_capital
D:3:      layout_basic
D:4:      layout_layer_cave, gammafunk_ghost_icy,
          grunt_dithmenos_smoke_and_mirrors, uniq_edmund
D:5:      layout_basic, trog_eyes_of_draining
D:6:      layout_loops_ring, minmay_bent
D:7:      layout_rooms, ashenzari_altar_1, temple_statues,
          chequers_ossuary_entry_cave
D:8:      layout_cave_pods
D:9:      layout_basic, hangedman_ranch [blue_anna_fruit_fields]
D:10:     layout_rooms, dpeg_oklobed_lair, minmay_misc_feat_five
D:11:     layout_irregular_city
D:12:     layout_loops_corners, david_orc_4, ebering_ghost_reflecting_pool,
          serial_shops, nicolae_shop_crystal, kennysheep_doodads, uniq_erolcha
D:13:     layout_layer_cave
D:14:     layout_irregular_city, erik_vaults_2, minmay_misc_feat_more_columns,
          uniq_agnes
D:15:     gammafunk_depths_entry_grave, layout_grid_maze, serial_park_tiny_pond,
          minmay_fractal_squares_diagonal_5
Temple:   regret_index_temple_chain_breaker
Lair:1:   kb_forest_paths, layout_chaotic_city, lemuel_fruit_tree
Lair:2:   layout_chaotic_city, spider_nest_entry_webs, gauntlet_entry_generic,
          st_stairs_13
Lair:3:   layout_gridlike, portal_ice_cave_entry_pillars_1, disabler_island

Skill      XL: |  1  2  3  4  5  6  7  8  9 10 11 12 13 14 15 |
---------------+----------------------------------------------+-----
Armour         | 3 4 5 6 7 9 10 12 13 14 15 16 | 16.1
Dodging        | 2 3 4 5 6 7 8 9 |  9.4
Maces & Flails | 4 5 7 8 10 11 12 13 14 15 | 15.1
Fighting       | 4 5 7 8 9 10 11 12 | 12.2

Action                   |  1- 3 |  4- 6 |  7- 9 | 10-12 | 13-15 || total
-------------------------+-------+-------+-------+-------+-------++-------
Melee: Mace              |   123 |   183 |       |       |       ||   306
       Flail             |       |    51 |   380 |   203 |       ||   634
       Morningstar       |       |       |       |   350 |       ||   350
       Eveningstar       |       |       |       |   384 |   959 ||  1343
Invok: Berserk           |     1 |     5 |     5 |     9 |    14 ||    34
       Trog's Hand       |       |     1 |       |     1 |     4 ||     6
 Abil: Fly               |       |       |       |       |     1 ||     1
  Use: Scroll            |       |     4 |     6 |    11 |    15 ||    36
       Potion            |       |       |       |       |     2 ||     2
 Stab: Sleeping          |     2 |       |       |       |       ||     2
       Invisible         |       |       |       |       |     2 ||     2
Armor: Animal skin       |    56 |    57 |       |       |       ||   113
       Ring mail         |       |    16 |    12 |       |       ||    28
       Scale mail        |       |    33 |   309 |   382 |       ||   724
       Troll leather arm |       |       |       |   256 |   581 ||   837
Dodge: Dodged            |   111 |   186 |   338 |   790 |   859 ||  2284
